TOP OF THE 1ST |
Echo Park Lakers batting - Pitching for Vancouver Grey Wolves : LHP Hong-bin Hua
|
Pitching: LHP Hong-bin Hua
|
|
Batting: RHB Ned Lyons
|
0-0: Called Strike 0-1: Foul Ball, location: 2F 0-2: Ground out 6-3 (Groundball, 6, EV 82.5 MPH)
|
Batting: LHB Philip Todd
|
0-0: Ball 1-0: Ball 2-0: Swinging Strike 2-1: Foul Ball, location: 2F 2-2: Ball 3-2: Strikes out swinging
|
Batting: LHB Joe Schreibvogel
|
0-0: Fly out, F7 (Line Drive, 7, EV 97.5 MPH)
|
Top of the 1st over - 0 runs, 0 hits, 0 errors, 0 left on base; Echo Park 0 - Vancouver 0 |
BOTTOM OF THE 1ST |
Vancouver Grey Wolves batting - Pitching for Echo Park Lakers : RHP Karl Dandleton
|
Pitching: RHP Karl Dandleton
|
|
Batting: SHB Willie McGirt
|
0-0: Swinging Strike 0-1: Foul Ball, location: 2F 0-2: Ball 1-2: Ground out 4-3 (Groundball, 4, EV 93.8 MPH)
|
Batting: RHB Rafael Maldonado
|
0-0: Swinging Strike 0-1: Ball 1-1: Ball 2-1: Fly out, F8 (Flyball, 8LS, EV 92.5 MPH)
|
Batting: LHB Cameron Woolever
|
0-0: Ball 1-0: Ball 2-0: Called Strike 2-1: Swinging Strike 2-2: Strikes out swinging
|
Bottom of the 1st over - 0 runs, 0 hits, 0 errors, 0 left on base; Echo Park 0 - Vancouver 0 |
TOP OF THE 2ND |
Echo Park Lakers batting - Pitching for Vancouver Grey Wolves : LHP Hong-bin Hua
|
Batting: RHB Maema Njongmeta
|
0-0: Ball 1-0: Ball 2-0: Ball 3-0: Called Strike 3-1: Ground out 5-3 (Groundball, 56, EV 85.0 MPH)
|
Batting: LHB Ramón Torres
|
0-0: Ball 1-0: Ground out 4-3 (Groundball, 4, EV 108.1 MPH)
|
Batting: RHB Ryoma Yamamoto
|
0-0: Called Strike 0-1: Ball 1-1: Ball 2-1: Foul Ball, location: 2F 2-2: Strikes out looking
|
Top of the 2nd over - 0 runs, 0 hits, 0 errors, 0 left on base; Echo Park 0 - Vancouver 0 |
BOTTOM OF THE 2ND |
Vancouver Grey Wolves batting - Pitching for Echo Park Lakers : RHP Karl Dandleton
|
Batting: LHB José Arras
|
0-0: Ball 1-0: Foul Ball, location: 2F 1-1: Swinging Strike 1-2: Ball 2-2: Fly out, F7 (Line Drive, 7D, EV 90.0 MPH)
|
Batting: RHB José Torres
|
0-0: Ball 1-0: Ground out 5-3 (Groundball, 56, EV 100.6 MPH)
|
Batting: LHB Javier Caceres
|
0-0: Ball 1-0: Bunted foul 1-1: Ball 2-1: Ball 3-1: Base on Balls
|
Batting: LHB Yoritomo Sato
|
0-0: Ball Javier Caceres is caught stealing 2nd base 2-6
|
Bottom of the 2nd over - 0 runs, 0 hits, 0 errors, 0 left on base; Echo Park 0 - Vancouver 0 |
TOP OF THE 3RD |
Echo Park Lakers batting - Pitching for Vancouver Grey Wolves : LHP Hong-bin Hua
|
Batting: LHB Armando Viña
|
0-0: Ball 1-0: Ball 2-0: Ball 3-0: Base on Balls
|
Batting: LHB Hai-feng Tang
|
0-0: Ball 1-0: Foul Ball, location: 2F 1-1: Ball 2-1: Ball 3-1: Base on Balls Armando Viña to second
|
Batting: LHB Jon Kelly
|
0-0: Ball 1-0: Foul Ball, location: 2F 1-1: Foul Ball, location: 2F 1-2: Fly out, F6 (Popup, 6, EV 61.9 MPH)
|
Batting: RHB Ned Lyons
|
0-0: Called Strike Armando Viña steals 3rd base 0-1: Ball 1-1: Ball 2-1: Foul Ball, location: 2F 2-2: Fielders Choice at 2nd, 5-4 (Groundball, 56S, EV 80.6 MPH) Armando Viña scores
|
Batting: LHB Philip Todd
|
0-0: Ball 1-0: Ball Wild Pitch! Ned Lyons to second 2-0: DOUBLE (Line Drive, 5D, EV 98.1 MPH) Ned Lyons scores
|
Batting: LHB Joe Schreibvogel
|
0-0: Called Strike 0-1: Ball 1-1: Ball 2-1: Ball 3-1: Called Strike 3-2: Fly out, F8 (Line Drive, 8LM, EV 86.9 MPH)
|
Top of the 3rd over - 2 runs, 1 hit, 0 errors, 1 left on base; Echo Park 2 - Vancouver 0 |
BOTTOM OF THE 3RD |
Vancouver Grey Wolves batting - Pitching for Echo Park Lakers : RHP Karl Dandleton
|
Batting: LHB Yoritomo Sato
|
0-0: Ground out 6-3 (Groundball, 6, EV 103.1 MPH)
|
Batting: RHB Kao-tsu Koo
|
0-0: Ball 1-0: Called Strike 1-1: Swinging Strike 1-2: Foul Ball, location: 2F 1-2: Ball 2-2: Foul Ball, location: 2F 2-2: Strikes out swinging
|
Batting: RHB Alejandro Cantú
|
0-0: Called Strike 0-1: Fly out, F9 (Flyball, 9LS, EV 83.1 MPH)
|
Bottom of the 3rd over - 0 runs, 0 hits, 0 errors, 0 left on base; Echo Park 2 - Vancouver 0 |
TOP OF THE 4TH |
Echo Park Lakers batting - Pitching for Vancouver Grey Wolves : LHP Hong-bin Hua
|
Batting: RHB Maema Njongmeta
|
0-0: SINGLE (Line Drive, 9LM, EV 84.4 MPH)
|
Batting: LHB Ramón Torres
|
0-0: Swinging Strike 0-1: Ball 1-1: Ball 2-1: Fielders Choice at 2nd, 4-6 (Groundball, 4M, EV 84.4 MPH)
|
Batting: RHB Ryoma Yamamoto
|
0-0: Ball Pickoff Throw to First - Error! E1 Ramón Torres to second 1-0: Ball 2-0: Foul Ball, location: 2F 2-1: Ball 3-1: Foul Ball, location: 2F 3-2: Ground out 4-3 (Groundball, 4, EV 90.6 MPH) Ramón Torres to third
|
Batting: LHB Armando Viña
|
0-0: SINGLE (Groundball, 6MS, EV 60.0 MPH) (infield hit) Ramón Torres scores
|
Batting: LHB Hai-feng Tang
|
0-0: SINGLE (Line Drive, 8RS, EV 98.1 MPH) Armando Viña to second Runner from 2nd tries for 3rd, SAFE, throw by CF made to third
|
Batting: LHB Jon Kelly
|
0-0: Ball 1-0: Called Strike 1-1: Ball 2-1: Ball 3-1: Fielders Choice at 2nd, U6 (Groundball, 6M, EV 83.8 MPH)
|
Top of the 4th over - 1 run, 3 hits, 1 error, 2 left on base; Echo Park 3 - Vancouver 0 |
BOTTOM OF THE 4TH |
Vancouver Grey Wolves batting - Pitching for Echo Park Lakers : RHP Karl Dandleton
|
Batting: SHB Willie McGirt
|
0-0: Foul Ball, location: 2F 0-1: Foul Ball, location: 2F 0-2: Ball 1-2: Ball 2-2: Ball 3-2: Foul Ball, location: 2F 3-2: Foul Ball, location: 2F 3-2: Foul Ball, location: 2F 3-2: Foul Ball, location: 2F 3-2: SINGLE (Line Drive, 8RS, EV 91.9 MPH)
|
Batting: RHB Rafael Maldonado
|
0-0: Ball 1-0: Called Strike 1-1: Ball Willie McGirt steals 2nd, throwing error, E2 Willie McGirt to third 2-1: Ball 3-1: Foul Ball, location: 2F 3-2: Base on Balls
|
Batting: LHB Cameron Woolever
|
0-0: Called Strike 0-1: Ball 1-1: SINGLE (Line Drive, 78M, EV 91.2 MPH) Willie McGirt scores Rafael Maldonado to second
|
Batting: LHB José Arras
|
0-0: Foul Ball, location: 2F 0-1: Ball 1-1: Foul Ball, location: 2F 1-2: Ball 2-2: Foul Ball, location: 2F 2-2: Ball 3-2: Foul Ball, location: 2F 3-2: Foul Ball, location: 2F 3-2: Grounds into double play, 5-4-3 (Groundball, 5, EV 101.2 MPH) Rafael Maldonado to third
|
Batting: RHB José Torres
|
0-0: Ball 1-0: Ball 2-0: Foul Ball, location: 2F 2-1: Ball 3-1: Reached on error, E7 (Flyball, 78S, EV 92.5 MPH) Rafael Maldonado scores
|
Batting: LHB Javier Caceres
|
0-0: Ball 1-0: SINGLE (Groundball, 4MD, EV 98.1 MPH) José Torres to third Runner from 3rd tries for Home, SAFE, no throw by CF
|
Batting: LHB Yoritomo Sato
|
0-0: Ball 1-0: Ball 2-0: Foul Ball, location: 2F 2-1: Foul Ball, location: 2F 2-2: Ball 3-2: Ground out 4-3 (Groundball, 4, EV 86.9 MPH)
|
Bottom of the 4th over - 3 runs, 3 hits, 2 errors, 1 left on base; Echo Park 3 - Vancouver 3 |
TOP OF THE 5TH |
Echo Park Lakers batting - Pitching for Vancouver Grey Wolves : LHP Hong-bin Hua
|
Batting: RHB Ned Lyons
|
0-0: Ball 1-0: Swinging Strike 1-1: Ball 2-1: Fly out, F4 (Popup, 34S, EV 74.4 MPH)
|
Batting: LHB Philip Todd
|
0-0: Called Strike 0-1: Swinging Strike 0-2: Ball 1-2: Ball 2-2: Strikes out swinging
|
Batting: LHB Joe Schreibvogel
|
0-0: Ground out 4-3 (Groundball, 4S, EV 66.9 MPH)
|
Top of the 5th over - 0 runs, 0 hits, 0 errors, 0 left on base; Echo Park 3 - Vancouver 3 |
BOTTOM OF THE 5TH |
Vancouver Grey Wolves batting - Pitching for Echo Park Lakers : RHP Karl Dandleton
|
Batting: RHB Kao-tsu Koo
|
0-0: Ball 1-0: Called Strike 1-1: Foul Ball, location: 2F 1-2: Foul Ball, location: 2F 1-2: Ball 2-2: Strikes out swinging
|
Batting: RHB Alejandro Cantú
|
0-0: Swinging Strike 0-1: Ball 1-1: Ground out 6-3 (Groundball, 6, EV 91.2 MPH)
|
Batting: SHB Willie McGirt
|
0-0: Called Strike 0-1: Ball 1-1: Foul Ball, location: 2F 1-2: Foul Ball, location: 2F 1-2: Ball 2-2: Foul Ball, location: 2F 2-2: Foul Ball, location: 2F 2-2: Ball 3-2: Ground out 4-3 (Groundball, 4, EV 105.6 MPH)
|
Bottom of the 5th over - 0 runs, 0 hits, 0 errors, 0 left on base; Echo Park 3 - Vancouver 3 |
TOP OF THE 6TH |
Echo Park Lakers batting - Pitching for Vancouver Grey Wolves : LHP Hong-bin Hua
|
Batting: RHB Maema Njongmeta
|
0-0: Ground out 3-1 (Groundball, 34, EV 79.4 MPH)
|
Batting: LHB Ramón Torres
|
0-0: Ground out 1-3 (Groundball, 34S, EV 85.0 MPH)
|
Batting: RHB Ryoma Yamamoto
|
0-0: Ball 1-0: Ground out 6-3 (Groundball, 6, EV 85.6 MPH)
|
Top of the 6th over - 0 runs, 0 hits, 0 errors, 0 left on base; Echo Park 3 - Vancouver 3 |
BOTTOM OF THE 6TH |
Vancouver Grey Wolves batting - Pitching for Echo Park Lakers : RHP Karl Dandleton
|
Pitching: LHP Onson Sweemey
|
|
Batting: RHB Rafael Maldonado
|
0-0: Foul Ball, location: 2F 0-1: Fly out, F8 (Flyball, 78D, EV 93.1 MPH)
|
Batting: LHB Cameron Woolever
|
0-0: SOLO HOME RUN (Flyball, 9LD, EV 103.8 MPH), Distance : 348 ft
|
Batting: LHB José Arras
|
0-0: Ball 1-0: Swinging Strike 1-1: Foul Ball, location: 2F 1-2: Strikes out swinging
|
Batting: RHB José Torres
|
0-0: Called Strike 0-1: Ground out 6-3 (Groundball, 6M, EV 79.4 MPH)
|
Bottom of the 6th over - 1 run, 1 hit, 0 errors, 0 left on base; Echo Park 3 - Vancouver 4 |
TOP OF THE 7TH |
Echo Park Lakers batting - Pitching for Vancouver Grey Wolves : LHP Hong-bin Hua
|
Batting: LHB Armando Viña
|
0-0: Foul Ball, location: 2F 0-1: Ball 1-1: Foul Ball, location: 2F 1-2: Strikes out swinging
|
Batting: LHB Hai-feng Tang
|
0-0: Ball 1-0: Called Strike 1-1: Ball 2-1: Fly out, F8 (Flyball, 8LD, EV 109.4 MPH)
|
Batting: LHB Jon Kelly
|
0-0: Ball 1-0: Called Strike 1-1: Ball 2-1: Ground out 6-3 (Groundball, 6, EV 79.4 MPH)
|
Top of the 7th over - 0 runs, 0 hits, 0 errors, 0 left on base; Echo Park 3 - Vancouver 4 |
BOTTOM OF THE 7TH |
Vancouver Grey Wolves batting - Pitching for Echo Park Lakers : LHP Onson Sweemey
|
Batting: LHB Javier Caceres
|
0-0: Ball 1-0: Foul Ball, location: 2F 1-1: Ground out 6-3 (Groundball, 6, EV 83.1 MPH)
|
Batting: LHB Yoritomo Sato
|
0-0: Foul Ball, location: 2F 0-1: Ball 1-1: Called Strike 1-2: Ball 2-2: Ground out 6-3 (Groundball, 6, EV 91.2 MPH)
|
Pitching: RHP Chun-mei Bao
|
|
Batting: RHB Kao-tsu Koo
|
0-0: Called Strike 0-1: Ball 1-1: Ball 2-1: Fly out, F7 (Flyball, 7, EV 88.1 MPH)
|
Bottom of the 7th over - 0 runs, 0 hits, 0 errors, 0 left on base; Echo Park 3 - Vancouver 4 |
TOP OF THE 8TH |
Echo Park Lakers batting - Pitching for Vancouver Grey Wolves : LHP Hong-bin Hua
|
Pitching: RHP Terry Lesage
|
|
Now at C: Jimmy Scott
|
|
Now at SS: David Stone
|
|
Batting: RHB Ned Lyons
|
0-0: Ball 1-0: Swinging Strike 1-1: Called Strike 1-2: Fly out, F7 (Flyball, 78S, EV 79.4 MPH)
|
Batting: LHB Philip Todd
|
0-0: Foul Ball, location: 2F 0-1: Foul Ball, location: 2F 0-2: Ball 1-2: Foul Ball, location: 2F 1-2: Ball 2-2: Ball 3-2: SOLO HOME RUN (Flyball, 9D, EV 100.6 MPH), Distance : 345 ft
|
Batting: LHB Joe Schreibvogel
|
0-0: Called Strike 0-1: Ball 1-1: Ball 2-1: Foul Ball, location: 2F 2-2: Foul Ball, location: 2F 2-2: Ball 3-2: Foul Ball, location: 2F 3-2: Base on Balls
|
Batting: RHB Maema Njongmeta
|
0-0: Swinging Strike 0-1: Ball 1-1: Swinging Strike 1-2: Ball 2-2: Strikes out swinging
|
Batting: LHB Ramón Torres
|
0-0: Foul Ball, location: 2F 0-1: Ball 1-1: Ball 2-1: Foul Ball, location: 2F 2-2: Ball 3-2: Strikes out swinging
|
Top of the 8th over - 1 run, 1 hit, 0 errors, 1 left on base; Echo Park 4 - Vancouver 4 |
BOTTOM OF THE 8TH |
Vancouver Grey Wolves batting - Pitching for Echo Park Lakers : RHP Chun-mei Bao
|
Batting: RHB Alejandro Cantú
|
0-0: Called Strike 0-1: Swinging Strike 0-2: Foul Ball, location: 2F 0-2: Ball 1-2: Ball 2-2: Foul Ball, location: 2F 2-2: Strikes out swinging
|
Batting: SHB Willie McGirt
|
0-0: Ball 1-0: Ball 2-0: Ball 3-0: Base on Balls
|
Pitching: RHP Francisco Esposo
|
|
Batting: RHB Rafael Maldonado
|
0-0: Ball 1-0: SINGLE (Line Drive, 8RS, EV 99.4 MPH) Willie McGirt to second
|
Pitching: RHP Craig Wash
|
|
Batting: LHB Cameron Woolever
|
0-0: Called Strike 0-1: Swinging Strike 0-2: Strikes out looking
|
Batting: LHB José Arras
|
0-0: Ball 1-0: Ball 2-0: Called Strike 2-1: Swinging Strike 2-2: Foul Ball, location: 2F 2-2: Foul Ball, location: 2F 2-2: Strikes out swinging
|
Bottom of the 8th over - 0 runs, 1 hit, 0 errors, 2 left on base; Echo Park 4 - Vancouver 4 |
TOP OF THE 9TH |
Echo Park Lakers batting - Pitching for Vancouver Grey Wolves : RHP Terry Lesage
|
Pinch Hitting: LHB Jonathan Winston
|
0-0: Called Strike 0-1: Swinging Strike 0-2: Ball 1-2: Ball 2-2: Ground out 6-3 (Groundball, 4MS, EV 83.1 MPH)
|
Batting: LHB Armando Viña
|
0-0: Foul Ball, location: 2F 0-1: Ball 1-1: Ball 2-1: Swinging Strike 2-2: Foul Ball, location: 2F 2-2: Foul Ball, location: 2F 2-2: Ball 3-2: Foul Ball, location: 2F 3-2: Ground out 4-3 (Groundball, 34D, EV 101.9 MPH)
|
Batting: LHB Hai-feng Tang
|
0-0: Ball 1-0: Ground out U3 (Groundball, 3L, EV 88.1 MPH)
|
Top of the 9th over - 0 runs, 0 hits, 0 errors, 0 left on base; Echo Park 4 - Vancouver 4 |
BOTTOM OF THE 9TH |
Vancouver Grey Wolves batting - Pitching for Echo Park Lakers : RHP Craig Wash
|
Now at 3B: Jonathan Winston
|
|
Pinch Hitting: LHB Javier Sánchez
|
0-0: Ball 1-0: Foul Ball, location: 2F 1-1: Ball 2-1: Ball 3-1: Foul Ball, location: 2F 3-2: Ground out U3 (Groundball, 3, EV 111.2 MPH)
|
Pitching: RHP Bungay Osiman
|
|
Batting: LHB Javier Caceres
|
0-0: Ball 1-0: Ball 2-0: Ball 3-0: Called Strike 3-1: Base on Balls
|
Batting: RHB Jimmy Scott
|
0-0: Called Strike Javier Caceres steals 2nd base 0-1: SINGLE (Groundball, 6, EV 92.5 MPH) (infield hit) Javier Caceres to third
|
Batting: RHB David Stone
|
0-0: Called Strike 0-1: Called Strike 0-2: Ball 1-2: Strikes out swinging
|
Batting: RHB Alejandro Cantú
|
0-0: Called Strike 0-1: Ball 1-1: Called Strike 1-2: Ground out U3 (Groundball, 34S, EV 78.1 MPH)
|
Bottom of the 9th over - 0 runs, 1 hit, 0 errors, 2 left on base; Echo Park 4 - Vancouver 4 |
TOP OF THE 10TH |
Echo Park Lakers batting - Pitching for Vancouver Grey Wolves : RHP Terry Lesage
|
Pitching: RHP Tekoa Kinsinger
|
|
Now at 2B: Phil van Oosterom
|
|
Batting: LHB Jon Kelly
|
0-0: Ball 1-0: Called Strike 1-1: Ball 2-1: Ball 3-1: Foul Ball, location: 2F 3-2: Strikes out swinging
|
Pinch Hitting: SHB Akihiko Fujii
|
0-0: Swinging Strike 0-1: Ball 1-1: Called Strike 1-2: Ground out 6-3 (Groundball, 56, EV 83.1 MPH)
|
Batting: LHB Philip Todd
|
0-0: Swinging Strike 0-1: Ball 1-1: SINGLE (Line Drive, 5D, EV 94.4 MPH)
|
Batting: LHB Joe Schreibvogel
|
0-0: Called Strike 0-1: DOUBLE (Line Drive, 7LM, EV 101.9 MPH) Philip Todd to third Runner from 3rd tries for Home, SAFE, throw by LF to home
|
Batting: RHB Maema Njongmeta
|
0-0: Called Strike 0-1: Ball 1-1: Fly out, F4 (Line Drive, 4, EV 71.2 MPH)
|
Top of the 10th over - 1 run, 2 hits, 0 errors, 1 left on base; Echo Park 5 - Vancouver 4 |
BOTTOM OF THE 10TH |
Vancouver Grey Wolves batting - Pitching for Echo Park Lakers : RHP Bungay Osiman
|
Now in CF: Ben Bullock
|
|
Batting: SHB Willie McGirt
|
0-0: Called Strike 0-1: Ball 1-1: Foul Ball, location: 2F 1-2: Foul Ball, location: 2F 1-2: Ground out 5-3 (Groundball, 56, EV 86.9 MPH)
|
Batting: RHB Rafael Maldonado
|
0-0: Ball 1-0: Foul Ball, location: 2F 1-1: Ball 2-1: DOUBLE (Line Drive, 7LM, EV 105.6 MPH)
|
Batting: LHB Cameron Woolever
|
0-0: Called Strike 0-1: Ball 1-1: Ground out 4-3 (Groundball, 34, EV 104.4 MPH) Rafael Maldonado to third
|
Batting: LHB José Arras
|
0-0: Ball 1-0: Called Strike 1-1: Ball 2-1: Called Strike 2-2: Strikes out swinging
|
Bottom of the 10th over - 0 runs, 1 hit, 0 errors, 1 left on base; Echo Park 5 - Vancouver 4 |
|